 Dungeon Crawl Stone Soup version 0.29.1-4-g47bece8355 (webtiles) character file.

Game seed: 6700675115031849272

57138 LustLizard the Marksspriggan (level 14, -2/68 HPs)
             Began as a Spriggan Hunter on Dec 2, 2022.
             Was the Champion of Dithmenos.
             Slain by a tyrant leech (27 damage)
             ... on level 5 of the Lair of Beasts.
             The game lasted 00:56:30 (22559 turns).

LustLizard the Marksspriggan (Spriggan Hunter)     Turns: 22559, Time: 00:56:30

Health: -2/68      AC:  9    Str:  7    XL:     14   Next: 44%
Magic:  29/29      EV: 26    Int: 14    God:    Dithmenos [******]
Gold:   1140       SH:  0    Dex: 20    Spells: 12/20 levels left

rFire   . . .      SeeInvis +   K - +1 arbalest (flame)
rCold   . . .      Faith    .   (shield currently unavailable)
rNeg    . . .      Spirit   .   M - +0 troll leather armour
rPois   .          Reflect  .   T - +2 hat {Will+}
rElec   .          Harm     .   E - +2 cloak {Will+}
rCorr   .          Rampage  .   (gloves unavailable)
Will    ++++.                   (boots unavailable)
Stlth   +++.......              P - amulet of the acrobat
HPRegen 1.01/turn               n - ring of wizardry
MPRegen 0.21/turn               p - ring of magical power

@: slowed, wreathed by umbra, quick
A: very small, no large weapons, unfitting armour, see invisible, speed 3
a: Renounce Religion, Shadow Step, Shadow Form


You were on level 5 of the Lair of Beasts.
You worshipped Dithmenos.
Dithmenos was exalted by your worship.
You visited 4 branches of the dungeon, and saw 20 of its levels.

You collected 1166 gold pieces.
You spent 26 gold pieces at shops.

Inventory:

Hand Weapons
 K - a +1 arbalest of flaming (weapon)
Armour
 u - +0 fire dragon scales
 E - a +2 cloak of willpower (worn)
 M - a +0 troll leather armour (worn)
 T - a +2 hat of willpower (worn)
Jewellery
 n - a ring of wizardry (left hand)
 p - a ring of magical power (right hand)
 q - a ring of resist corrosion
 A - an amulet of magic regeneration
 C - a ring of protection from cold
 P - an amulet of the acrobat (around neck)
 V - a ring of magical power
 W - a ring of wizardry
Wands
 r - a wand of flame (53)
 y - a wand of iceblast (21)
 L - a wand of polymorph (3)
 N - a wand of quicksilver (6)
 O - a wand of mindburst (9)
 Q - a wand of charming (7)
 S - a wand of digging (7)
Scrolls
 a - a scroll of noise
 b - 4 scrolls of immolation
 e - a scroll of torment
 h - 2 scrolls of teleportation
 j - a scroll of enchant armour
 l - 4 scrolls of fog
 o - 2 scrolls of poison
 t - a scroll of identify
 B - a scroll of blinking
 D - a scroll of fear
 F - 2 scrolls of amnesia
 G - 4 scrolls of magic mapping
 I - a scroll of enchant weapon
Potions
 c - 3 potions of heal wounds
 d - 5 potions of haste
 f - 2 potions of brilliance
 g - 3 potions of curing
 i - 3 potions of lignification
 m - 3 potions of attraction
 s - 2 potions of ambrosia
 v - a potion of resistance
 w - a potion of magic
 x - 2 potions of mutation
 H - 2 potions of might
 J - 3 potions of flight
 R - a potion of berserk rage
Miscellaneous
 k - a lightning rod (4/4)


   Skills:
 + Level 5.3 Fighting
 * Level 17.3 Ranged Weapons
 - Level 12.8 Dodging
 - Level 1.5 Stealth
 + Level 3.5 Spellcasting
 - Level 1.8 Conjurations
 * Level 9.5 Hexes
 * Level 6.6 Ice Magic
 - Level 2.4 Air Magic
 - Level 2.5 Poison Magic
 + Level 7.1 Invocations
 - Level 7.7 Evocations


You had 12 spell levels left.
You knew the following spells:

 Your Spells              Type           Power      Damage    Failure   Level
a - Mephitic Cloud        Conj/Pois/Air  8%         N/A       16%         3
b - Metabolic Englaciati  Hex/Ice        12%        N/A       12%         5

Your spell library contained the following spells:

 Spells                   Type           Power      Damage    Failure   Level
 Dazzling Flash           Conj/Hex       36%        N/A       3%          3
 Magic Dart               Conj           28%        1d4       6%          1
 Necrotise                Necr           8%         1d4       12%         1
 Fulminant Prism          Conj/Hex       9%         3d7       12%         4
 Call Imp                 Summ           2%         N/A       19%         2
 Scorch                   Fire           4%         2d5       19%         2
 Silence                  Hex/Air        9%         N/A       28%         5
 Vampiric Draining        Necr           2%         2d6       34%         3
 Flame Wave               Conj/Fire      5%         2d5       61%         4
 Iskenderun's Mystic Bla  Conj/Tloc      5%         2d3       61%         4
 Petrify                  Tmut/Erth      2%         N/A       73%         4
 Agony                    Necr           2%         N/A       96%         5
 Lee's Rapid Deconstruct  Erth           1%         3d5*      96%         5
 Statue Form              Tmut/Erth      1%         N/A       100%        6
 Summon Cactus Giant      Summ           1%         N/A       100%        6


Dungeon Overview and Level Annotations

Branches:
Dungeon (13/15)            Temple (1/1) D:4            Lair (5/5) D:10
  Swamp (0/4) Lair:3        Snake (1/4) Lair:3          Orc (0/2) D:12
 Vaults (0/5) D:13
  Slime: Lair:4-5

Altars:
Ashenzari
Cheibriados
Dithmenos
Elyvilon
Fedhas
Gozag
Hepliaklqana
Kikubaaqudgha
Makhleb
Nemelex Xobeh
Okawaru
Qazlal
Ru
Sif Muna
Trog
Uskayaw
Vehumet
Wu Jian
Xom
Yredelemnul
Zin
The Shining One

Shops:
D:1 =   D:2 =   D:3 =   D:4 *   D:8 [[*   D:13 *

Portals:
Trove: D:13 (give 6 scrolls of fear)

Annotations:
Lair:5 1 runed translucent door


Innate Abilities, Weirdness & Mutations

You are very small and have problems with some larger weapons.
You are too small for most types of armour.
You have supernaturally acute eyesight. (SInv)
You cover ground extremely quickly. (Speed+++)


Message History

The bolt burns the tyrant leech.
The tyrant leech is moderately wounded.
A nearby plant withers and dies.
The hornet stings you!
You feel as though you will be slow longer.
The tyrant leech closely misses you. The hornet misses you.
Fire: K) +1 arbalest (flame)
Press: ? - help, Q - select action, (/) - cycle Shift-Dir - straight line, f/p - tyrant leech
Aim: a tyrant leech (moderately wounded, umbra, 55% to hit)
You shoot a bolt. The bolt hits the tyrant leech!
The bolt burns the tyrant leech.
The tyrant leech is heavily wounded.
The hornet completely misses you. The tyrant leech misses you.
Fire: K) +1 arbalest (flame)
Press: ? - help, Q - select action, (/) - cycle Shift-Dir - straight line, f/p - tyrant leech
Aim: a tyrant leech (heavily wounded, umbra, 55% to hit)
You shoot a bolt.
The bolt closely misses the tyrant leech.
The bolt barely misses the hornet. x2
The tyrant leech misses you. The tyrant leech bites you!
The tyrant leech draws strength from your injuries!
The tyrant leech barely misses you.
Fire: K) +1 arbalest (flame)
Press: ? - help, Q - select action, (/) - cycle Shift-Dir - straight line, f/p - tyrant leech
Aim: a tyrant leech (heavily wounded, umbra, 55% to hit)
You shoot a bolt. The bolt hits the tyrant leech!!
The bolt burns the tyrant leech!
The tyrant leech is almost dead.
The tyrant leech completely misses you. The tyrant leech bites you!!
You emit a cloud of dark smoke.
The tyrant leech draws strength from your injuries!
Fire: K) +1 arbalest (flame)
Press: ? - help, Q - select action, (/) - cycle Shift-Dir - straight line, f/p - tyrant leech
Aim: a tyrant leech (black smoke, almost dead, umbra, 55% to hit)
You shoot a bolt.
The bolt barely misses the tyrant leech.
The bolt hits the hornet.
The bolt burns the hornet.
The hornet is lightly wounded.
The tyrant leech closely misses you. The tyrant leech misses you.
The tyrant leech bites you!!
You die...

########## ######
.##.P.##.# #####w...###
#........## ##.§@wyy....#
...#.#....###...§w####..!#
..#####.†...#..#### ..#
##.# #.##.....###### .#
§### ######.....##.# .#
§§## #.#......### # §§.#
####......†##### #..##
####.P..#...#.# ##..###
#.#...#.##...##


You could see 2 tyrant leeches, a torpor snail and 2 hornets.

Vanquished Creatures
  Gastronok (Lair:1)
  An ironbound preserver (D:13)
  Nessos (Lair:4)
  A boulder beetle (D:10)
  Erolcha (D:12)
  2 catoblepae (Lair:5)
  9 two-headed ogres
  A death knight (D:9)
  3 centaur warriors (D:13)
  3 death yaks (Lair:1)
  The ghost of Grokii the Trooper, a novice DsGl of Makhleb (D:7)
  A lindwurm (Lair:5)
  2 bog bodies (Lair:3)
  Pikel (D:6)
  A deep elf pyromancer (D:12)
  An oklob plant (D:10)
  3 ugly things
  An orc knight (D:12)
  A manticore (D:13)
  3 cyclopes
  Maurice (D:12)
  A black mamba (shapeshifter) (D:13)
  4 torpor snails (Lair:5)
  12 black mambas
  6 gargoyles
  10 cane toads
  Maggie (D:8)
  2 komodo dragons
  Psyche (D:10)
  An unseen horror (D:11)
  2 kobold demonologists (D:12)
  5 rime drakes
  2 polar bears
  3 trolls
  2 tyrant leeches (Lair:5)
  6 hornets (Lair:5)
  Prince Ribbit (D:7)
  5 slime creatures
  12 dream sheep
  A shadow (D:12)
  A vampire (D:13)
  45 yaks
  4 wraiths
  3 basilisks
  A wyvern (Lair:3)
  An unseen horror simulacrum (D:9)
  A steam dragon (D:8)
  15 vampire mosquitoes
  19 water moccasins
  4 orc warriors
  2 sky beasts
  2 black bears
  2 ice beasts (D:7)
  An ogre (D:4)
  5 wolves (Lair:5)
  6 centaurs
  4 lemures (D:6)
  A phantom (D:5)
  12 bullfrogs
  5 kobold brigands
  3 necrophages
  2 gnoll sergeants
  2 scorpions
  11 wights
  5 killer bees (D:10)
  A howler monkey (D:10)
  A crimson imp (D:10)
  A spectral centaur (D:9)
  A hound (D:6)
  A jelly (D:8)
  Crazy Yiuf (D:6)
  9 orc priests
  2 gnoll boudas
  7 orc wizards
  6 iguanas
  A centaur simulacrum (D:9)
  15 gnolls
  5 adders
  A shadow imp (D:6)
  A white imp (D:6)
  A howler monkey simulacrum (D:9)
  4 worms
  A dart slug (D:1)
  30 orcs
  7 bats
  6 endoplasms
  4 giant cockroaches
  15 goblins
  8 hobgoblins
  24 kobolds
  2 quokkas
  7 ball pythons
  4 frilled lizards
  9 rats
448 creatures vanquished.

Vanquished Creatures (others)
  An orc wizard (D:10)
  8 fungi
  36 plants
  18 withered plants (D:9)
63 creatures vanquished.

Grand Total: 511 creatures vanquished

Notes
Turn   | Place    | Note
-------+----------+-------------------------------------------
     0 | D:1      | LustLizard the Spriggan Hunter began the quest for the Orb.
     0 | D:1      | Reached XP level 1. HP: 10/10 MP: 2/2
    59 | D:1      | Reached XP level 2. HP: 13/15 MP: 3/3
   104 | D:1      | Found Romacw's One-of-a-Kind Rings.
   130 | D:1      | Found a faded altar of an unknown god.
   303 | D:1      | Reached XP level 3. HP: 18/18 MP: 4/4
   471 | D:2      | Found Oturyl's Jewellery Shop.
   722 | D:2      | Reached skill level 5 in Ranged Weapons
  1154 | D:3      | Reached XP level 4. HP: 23/23 MP: 5/5
  1294 | D:3      | Found Sasoe's Jewellery Emporium.
  1303 | D:3      | Learned a level 3 spell: Mephitic Cloud
  1750 | D:3      | Noticed a moth of wrath
  1753 | D:3      | Found a bloodstained altar of Trog.
  2023 | D:3      | Found a glowing silver altar of Zin.
  2062 | D:3      | Reached skill level 1 in Air Magic
  2062 | D:3      | Reached XP level 5. HP: 27/27 MP: 7/7
  2335 | D:4      | Found Ifibb's Elemental Accessories.
  2427 | D:4      | Reached skill level 1 in Spellcasting
  2427 | D:4      | Reached skill level 1 in Poison Magic
  2779 | D:4      | Reached skill level 1 in Conjurations
  2779 | D:4      | Reached XP level 6. HP: 16/32 MP: 9/9
  2976 | D:4      | Found a staircase to the Ecumenical Temple.
  2985 | Temple   | Entered the Ecumenical Temple
  3060 | Temple   | Became a worshipper of Dithmenos the Shadowed
  3306 | D:5      | Entered Level 5 of the Dungeon
  3306 | D:5      | Noticed a water moccasin
  3366 | D:5      | Killed a water moccasin
  3444 | D:5      | Reached XP level 7. HP: 22/35 MP: 11/11
  3575 | D:5      | Reached skill level 6 in Ranged Weapons
  4502 | D:5      | Reached * piety under Dithmenos
  4587 | D:5      | Reached skill level 7 in Ranged Weapons
  4917 | D:5      | Reached XP level 8. HP: 39/39 MP: 12/12
  4918 | D:5      | Reached skill level 5 in Dodging
  5587 | D:5      | Reached skill level 8 in Ranged Weapons
  6347 | D:6      | Identified the +7 dagger "Ysoshrosi" {freeze, Will++ Int+4}
  6349 | D:6      | Noticed Pikel
  6528 | D:6      | Killed Pikel
  6529 | D:6      | Reached skill level 9 in Ranged Weapons
  6529 | D:6      | Reached XP level 9. HP: 43/43 MP: 13/13
  6742 | D:6      | Found a white marble altar of Elyvilon.
  6811 | D:6      | Found a runed translucent door.
  6814 | D:6      | Noticed Crazy Yiuf
  6831 | D:6      | Killed Crazy Yiuf
  7228 | D:7      | Reached skill level 10 in Ranged Weapons
  7321 | D:7      | Reached ** piety under Dithmenos
  7807 | D:7      | Found a large runed translucent door.
  7807 | D:7      | Found a large runed translucent door.
  7808 | D:7      | Noticed Grokii's ghost (novice DsGl)
  7947 | D:7      | Noticed Prince Ribbit
  7955 | D:7      | Killed Prince Ribbit
  8101 | D:7      | Found a shimmering altar of Xom.
  8251 | D:7      | Found an opulent altar of Gozag.
  8779 | D:7      | Killed Grokii's ghost
  8780 | D:7      | Reached skill level 11 in Ranged Weapons
  9018 | D:8      | Found Xuuq's General Store.
  9024 | D:8      | Bought a scroll of identify for 26 gold pieces
  9444 | D:8      | Noticed Maggie
  9459 | D:8      | Reached XP level 10. HP: 47/47 MP: 14/14
  9856 | D:8      | Reached skill level 10 in Dodging
  9897 | D:8      | Reached skill level 12 in Ranged Weapons
  9926 | D:8      | Found Ywamavowaa's Antique Armour Emporium.
  9964 | D:8      | Killed Maggie
 10309 | D:8      | Found Gestiuf's Antique Armour Shoppe.
 10707 | D:9      | Found a shimmering blue altar of Sif Muna.
 11276 | D:9      | Noticed a death knight
 11376 | D:9      | Killed a death knight
 11377 | D:9      | Reached skill level 13 in Ranged Weapons
 11714 | D:9      | Noticed a two-headed ogre
 11751 | D:9      | Killed a two-headed ogre
 11776 | D:9      | Found an ornate altar of the Wu Jian Council.
 11839 | D:9      | Reached *** piety under Dithmenos
 11959 | D:9      | Found the +4 dagger "Morg" {pain, Will+ Int+5}
 12162 | D:10     | Entered Level 10 of the Dungeon
 12178 | D:10     | Noticed a boulder beetle
 12189 | D:10     | Noticed a gargoyle
 12189 | D:10     | Noticed a two-headed ogre
 12207 | D:10     | Reached XP level 11. HP: 51/51 MP: 15/15
 12211 | D:10     | Noticed Psyche
 13035 | D:10     | Found an ancient bone altar of Kikubaaqudgha.
 13050 | D:10     | Noticed a two-headed ogre
 13122 | D:10     | Killed a two-headed ogre
 13123 | D:10     | Reached skill level 14 in Ranged Weapons
 13169 | D:10     | Noticed an oklob plant
 13186 | D:10     | Found a staircase to the Lair.
 13274 | D:10     | Killed a two-headed ogre
 13777 | D:10     | Killed Psyche
 13778 | D:10     | Reached skill level 1 in Evocations
 14081 | D:10     | Killed a boulder beetle
 14082 | D:10     | Reached skill level 1 in Invocations
 14099 | D:10     | Found a radiant altar of Vehumet.
 14099 | D:10     | Found a burning altar of Makhleb.
 14181 | D:10     | Found the +6 shillelagh "Devastator" {shatter}
 14239 | D:10     | Killed an oklob plant
 14506 | D:11     | Noticed a two-headed ogre
 14510 | D:11     | Killed a two-headed ogre
 14689 | D:11     | Reached **** piety under Dithmenos
 14690 | D:11     | Reached skill level 15 in Ranged Weapons
 15056 | D:11     | Noticed a two-headed ogre
 15073 | D:11     | Killed a two-headed ogre
 15235 | D:11     | Reached XP level 12. HP: 52/56 MP: 16/16
 15250 | D:11     | Reached skill level 5 in Evocations
 15574 | D:12     | Found a staircase to the Orcish Mines.
 15646 | D:12     | Identified the +1 leather armour "Kuackaig" {rN+ Int+5}
 15704 | D:12     | Noticed a two-headed ogre
 15715 | D:12     | Killed a two-headed ogre
 15883 | D:12     | Learned a level 5 spell: Metabolic Englaciation
 15902 | D:12     | Noticed Erolcha
 15954 | D:12     | Reached skill level 1 in Hexes
 15973 | D:12     | Reached skill level 1 in Ice Magic
 15973 | D:12     | Killed Erolcha
 16137 | D:12     | Noticed a two-headed ogre
 16501 | D:12     | Noticed Maurice
 16519 | D:12     | Killed Maurice
 16522 | D:12     | Reached ***** piety under Dithmenos
 16647 | D:12     | Noticed a two-headed ogre
 16652 | D:12     | Killed a two-headed ogre
 16653 | D:12     | Reached skill level 16 in Ranged Weapons
 16653 | D:12     | Reached skill level 5 in Invocations
 16791 | D:12     | Noticed a two-headed ogre
 16818 | D:12     | Killed a two-headed ogre
 17150 | D:13     | Found a portal to a secret trove of treasure.
 17295 | D:13     | Noticed a centaur warrior
 17297 | D:13     | Killed a centaur warrior
 17297 | D:13     | Noticed an ironbound preserver
 17330 | D:13     | Noticed a two-headed ogre
 17332 | D:13     | Noticed a centaur warrior
 17404 | D:13     | Noticed a centaur warrior
 17421 | D:13     | Killed a centaur warrior
 17422 | D:13     | Reached skill level 5 in Hexes
 17429 | D:13     | Killed a centaur warrior
 17455 | D:13     | Reached XP level 13. HP: 20/61 MP: 18/18
 17612 | D:13     | Found Beopnyexto's General Store.
 17815 | D:13     | Found a gate to the Vaults.
 17916 | D:13     | Killed an ironbound preserver
 18200 | Lair:1   | Entered Level 1 of the Lair of Beasts
 18866 | Lair:1   | Noticed Gastronok
 18891 | Lair:1   | Killed Gastronok
 19303 | Lair:2   | Reached skill level 5 in Ice Magic
 20190 | Lair:3   | Found a staircase to the Snake Pit.
 20226 | Lair:3   | Found a staircase to the Swamp.
 21068 | Snake:1  | Entered Level 1 of the Snake Pit
 21240 | Lair:4   | Reached skill level 17 in Ranged Weapons
 21255 | Lair:4   | Reached XP level 14. HP: 48/67 MP: 19/19
 21423 | Lair:4   | Noticed Nessos
 21435 | Lair:4   | Killed Nessos
 21578 | Lair:4   | Identified the +8 rapier of Destruction {freeze, rElec rC+}
 21616 | Lair:4   | Reached skill level 5 in Fighting
 21902 | Lair:5   | Entered Level 5 of the Lair of Beasts
 22078 | Lair:5   | Reached ****** piety under Dithmenos
 22343 | Lair:5   | Found a runed translucent door.
 22496 | Lair:5   | Paralysed by a hornet for 1 turns
 22559 | Lair:5   | Slain by a tyrant leech

Illustrated notes

Levels and vault maps discovered:
D:1:      wander_arrival_chamber, layout_basic,
          shapermc_ecumenical_altar_notcrosses, minivault_25,
          nicolae_shop_unique_rings
D:2:      layout_basic, serial_shops, nicolae_shop_stone
D:3:      layout_loops_corners, zin_treasury, tgw_trog, serial_shops,
          nicolae_shop_hallway_plus
D:4:      kennysheep_the_goblin_king, layout_loops_cross,
          minmay_temple_entry_slanted, nicolae_elemental_shop
D:5:      layout_loops_cross
D:6:      layout_cave_pools, mainiacjoe_overflow_alcove_1, skrybe_limestone_x,
          uniq_crazy_yiuf_cottage, uniq_pikel
D:7:      layout_loops_ring, tgw_xom, kennysheep_mini_moat,
          ebering_ghost_disaster_area, hangedman_abyss_or_decor_lesser_grid,
          uniq_prince_ribbit1
D:8:      layout_basic, serial_shops, shop, shop, nicolae_shop_stone,
          chequers_serial_rivers_room_b, uniq_maggie
D:9:      layout_roguey, mainiacjoe_overflow_chevrons,
          nicolae_wu_jian_immortal_techniques, hangedman_decor_growths,
          dilly_guarded_unrand_morg
D:10:     layout_big_octagon, grunt_temple_overflow_lords_of_destruction,
          kiku_gazebo_pond_becter, dpeg_oklobed_lair,
          dilly_guarded_unrand_devastator, uniq_psyche
D:11:     layout_roguey
D:12:     layout_layer_cave, orc_0_dummy, hellmonk_guarded_unrand_dark_maul,
          uniq_maurice, uniq_erolcha
D:13:     layout_gridville, skrybe_vaults_entry_preservation, enter_trove_3,
          serial_shops, shop
Temple:   hellmonk_temple_forest_ring
Lair:1:   layout_cave_pods, serial_bayou_shore_a, grunt_megastairs_2,
          lemuel_fruit_tree, uniq_gastronok
Lair:2:   layout_cellular_growth, minmay_stone_trees_medium,
          chequers_serial_rivers_micro_b
Lair:3:   layout_cave_pods, skrybe_swamp_entry_bodies,
          minmay_snake_entry_six_corridors
Lair:4:   layout_gridlike, uniq_nessos
Lair:5:   guppyfry_lair_end_dragon, layout_cave_pods, wormcave, slime_entry_2,
          st_stairs_8
Snake:1:  layout_chambers, gammafunk_ghost_arena

Skill      XL: |  1  2  3  4  5  6  7  8  9 10 11 12 13 14 |
---------------+-------------------------------------------+-----
Fighting       | 2 3 4 5 |  5.3
Ranged Weapons | 5 7 9 11 13 15 16 17 | 17.3
Air Magic      | 1 2 |  2.4
Spellcasting   | 1 2 3 |  3.5
Poison Magic   | 1 2 |  2.5
Conjurations   | 1 |  1.8
Dodging        | 4 7 9 11 12 | 12.8
Evocations     | 4 7 |  7.7
Invocations    | 3 5 6 7 |  7.1
Hexes          | 5 8 9 |  9.5
Ice Magic      | 3 5 6 |  6.6
Stealth        | |  1.5

Action                   |  1- 3 |  4- 6 |  7- 9 | 10-12 | 13-15 || total
-------------------------+-------+-------+-------+-------+-------++-------
 Fire: Shortbow          |    84 |   128 |   559 |   609 |       ||  1380
       Arbalest          |       |       |       |   342 |   526 ||   868
 Cast: Mephitic Cloud    |       |       |       |     8 |     2 ||    10
Evoke: Wand              |       |       |       |    12 |     2 ||    14
  Use: Scroll            |       |     3 |    11 |    14 |     5 ||    33
       Potion            |       |       |     1 |     2 |     3 ||     6
Armor: Robe              |       |     1 |     9 |     7 |       ||    17
       Troll leather arm |       |       |       |     6 |    22 ||    28
Dodge: Dodged            |    11 |    26 |   278 |   482 |   318 ||  1115
